 Dungeon Crawl Stone Soup version 0.31-a0-1603-gbec6b6ccbf (webtiles) character file.

Game seed: 4492221052570992409

2887 runemasterragnar the Insei (level 9, -7/61 HPs)
             Began as an Octopode Fighter on Jan 7, 2024.
             Was a High Priest of Ignis.
             Killed from afar by an electric eel (16 damage)
             ... with a bolt of electricity
             ... on level 6 of the Dungeon on Jan 8, 2024.
             The game lasted 00:08:12 (6152 turns).

runemasterragnar the Insei (Octopode Fighter)       Turns: 6152, Time: 00:08:12

Health: -7/61      AC:  8    Str: 15    XL:     9   Next: 77%
Magic:  9/9        EV: 20    Int: 11    God:    Ignis [*****.]
Gold:   209        SH:  0    Dex: 15    Spells: 8/8 levels left

rFire   + . .        q - +8 pair of quick blades "Gyre" and "Gimble" {protect}
rCold   . . .        (shield currently unavailable)
rNeg    . . .        (helmet restricted)
rPois   +            j - amulet of magic regeneration
rElec   .            f - ring of poison resistance
rCorr   .            s - +5 ring of evasion
SInv    .            (no ring)
Will    .....        (no ring)
Stlth   ++++         (no ring)
HPRegen 0.30/turn    (no ring)
MPRegen 0.51/turn    (no ring)
                     (no ring)

%: no passive effects
@: under a protective aura
A: almost no armour, amphibious, 8 rings, camouflage 1, gelatinous body 1,
(nimble swimmer 1), tentacles
a: Renounce Religion, Fiery Armour, Foxfire Swarm, Rising Flame


You were on level 6 of the Dungeon.
You worshipped Ignis.
Ignis was extremely pleased with you.
You visited 1 branch of the dungeon, and saw 6 of its levels.

You collected 264 gold pieces.
You spent 55 gold pieces at shops.

Inventory:

Hand Weapons
 a - a +0 long sword
 p - a +1 dagger of electrocution
 q - the +8 pair of quick blades "Gyre" and "Gimble" (weapon) {protect}
   (You found it on level 4 of the Dungeon)
 C - a +1 scimitar of protection
Missiles
 g - a throwing net
Armour
 b - a +0 buckler
 w - a +1 kite shield
Magical Staves
 t - the staff "Opazut" {rC+ Int+3 Summ Ice}
   (You found it on level 4 of the Dungeon)

   [staff of cold]

   Base accuracy: +5 Base damage: 5 Base attack delay: 1.2 This weapon's minimum
   attack delay (0.6) is reached at skill level 12.
   Int+3:     It affects your intelligence (+3).
   rC+:       It protects you from cold.
   Summ:      It increases the power of your Summonings spells.
   Ice:       It increases the power of your Ice spells.
   It falls into the 'Staves' category.
   It is a one-tentacled weapon.
Jewellery
 f - a ring of poison resistance (left tentacle)
 j - an amulet of magic regeneration (around mantle)
 s - a +5 ring of evasion (right tentacle)
Talismans
 i - a blade talisman
Wands
 n - a wand of paralysis (22)
 o - a wand of quicksilver (11)
 B - a wand of polymorph (11)
Scrolls
 d - 3 scrolls of teleportation {unknown}
 e - a scroll of silence {unknown}
 k - a scroll of enchant weapon {unknown}
 l - 2 scrolls of brand weapon {unknown}
 y - a scroll of blinking {unknown}
 A - a scroll of torment {unknown}
Potions
 c - a potion of might
 h - a potion of magic {unknown}
 m - a potion of attraction {unknown}
 r - 3 potions of curing
 u - 3 potions of mutation
 v - a potion of heal wounds
 x - 2 potions of enlightenment
 z - a potion of brilliance


   Skills:
 + Level 5.5 Fighting
 * Level 5.3(6.0) Short Blades
 - Level 4.2(5.4) Long Blades
 + Level 5.6 Dodging
 + Level 6.2 Stealth
 - Level 3.9 Shields
 * Level 6.4 Unarmed Combat
 + Level 3.8 Evocations


You had 8 spell levels left.
You didn't know any spells.
Your spell library was empty.

Dungeon Overview and Level Annotations

Branches:
Dungeon (6/15)             Temple (0/1) D:5

Altars:
Ashenzari
Fedhas
The Shining One
Ignis

Shops:
D:6 (:**

Annotations:
D:4 2 transporters


Innate Abilities, Weirdness & Mutations

You cannot wear most types of armour.
You are amphibious.
You can wear up to eight rings at the same time.
Your skin changes colour to match your surroundings (Stealth+).
Your rubbery body absorbs attacks. (AC +1, EV +1)
((You are camouflaged when in or above water. (Stealth+)))
You have tentacles for arms and can constrict up to eight enemies at once.


Message History

An orc comes into view. It is wielding a +0 dagger.
An orc comes into view. It is wielding a +0 mace.
The orc priest shouts!
Found 18 gold pieces.
An orc wizard comes into view. It is wielding a +0 dagger.
An electric eel comes into view.
An adder comes into view.
You closely miss the phantom.
The orc shouts!
You squeeze the phantom! You completely miss the phantom.
Your squeeze misses the phantom. You hit the phantom.
Your weapon exudes an aura of protection.
You puncture the phantom! Your squeeze misses the phantom.
The phantom is severely damaged.
The orc priest mumbles some strange prayers to Beogh against you.
Pain shoots through your body!
The phantom hits you but does no damage.
The electric eel shoots out a bolt of lightning at you!
The bolt of electricity hits the orc priest!
The bolt of electricity hits you! x2
You are too injured to fight recklessly!
You are too injured to fight recklessly!
You are too injured to fight recklessly!
Unknown command.
You are too injured to fight recklessly!
You hit the orc priest.
You kill the orc priest!
The orc priest misses you. The phantom hits you.
Unknown command.
You hit the orc priest. You grab the orc priest. You puncture the orc priest!
You kill the orc priest!
The phantom hits you but does no damage.
You puncture the phantom! You hit the phantom.
You destroy the phantom!
The electric eel shoots out a bolt of lightning at you!
The bolt of electricity hits you! x2
* * * LOW HITPOINT WARNING * * *
Unknown command.
The electric eel shoots out a bolt of lightning at you!
The bolt of electricity hits you!
You die...

~~..# ###.......
~~..# ###
#......... ....#
#.. .........≈
....# #.#
.....≈≈≈≈ ###.#
#.# ...<.≈#≈≈
....# #.#
#oo..≈≈≈# #####
#.# #oS#..≈≈≈ #
#.# #.).$.S#
#########.#
#@###.≈≈≈
..........# #.# ≈
#########.######.#
#........#
########....(..
###..... #####


You could see an electric eel, an orc wizard, an adder and 2 orcs.

Vanquished Creatures
  Grinder (D:3)
  Prince Ribbit (D:5)
  2 water moccasins (D:5)
  An ice beast (D:6)
  An orc warrior (D:6)
  3 black bears
  2 sky beasts (D:6)
  2 ogres
  A phantom (D:6)
  4 bullfrogs (D:6)
  A scorpion (D:5)
  5 wights (D:6)
  A crimson imp (D:4)
  2 hounds
  3 bombardier beetles
  3 jellies
  Crazy Yiuf (D:3)
  A gnoll bouda (D:6)
  4 orc priests
  3 iguanas
  A mummy (D:5)
  Robin (D:3)
  8 gnolls
  5 adders
  4 white imps
  An ufetubus (D:6)
  3 ribbon worms
  5 dart slugs
  19 orcs
  5 bats
  8 endoplasms
  3 giant cockroaches
  10 hobgoblins
  8 kobolds
  3 quokkas
  8 ball pythons
  A frilled lizard (D:1)
  8 goblins
  4 hobgoblin zombies (D:5)
  7 rats
154 creatures vanquished.

Vanquished Creatures (others)
  6 foxfires (D:3)
6 creatures vanquished.

Grand Total: 160 creatures vanquished

Notes
Turn   | Place    | Note
-------+----------+-------------------------------------------
     0 | D:1      | runemasterragnar the Octopode Fighter began the quest for
                  | the Orb.
     0 | D:1      | Reached XP level 1. HP: 16/16 MP: 1/1
   178 | D:1      | Reached XP level 2. HP: 14/21 MP: 2/2
   326 | D:1      | Found a faded altar of an unknown god.
   369 | D:1      | Prayed at the altar of an unknown god.
   369 | D:1      | Became a worshipper of Ignis, the Dying Flame
   385 | D:1      | Reached skill level 1 in Stealth
   423 | D:1      | Reached skill level 1 in Unarmed Combat
   650 | D:1      | Reached XP level 3. HP: 26/26 MP: 3/3
  1699 | D:3      | Reached XP level 4. HP: 6/31 MP: 4/4
  2565 | D:3      | Reached XP level 5. HP: 29/36 MP: 5/5
  2652 | D:3      | Noticed Grinder
  2664 | D:3      | Killed Grinder
  2665 | D:3      | Reached XP level 6. HP: 16/42 MP: 6/6
  3310 | D:3      | Noticed Robin
  3316 | D:3      | Killed Robin
  3677 | D:3      | Found a runed translucent door.
  3678 | D:3      | Noticed Crazy Yiuf
  3884 | D:3      | Killed Crazy Yiuf
  4060 | D:4      | Reached XP level 7. HP: 44/47 MP: 7/7
  4174 | D:4      | Found a glowing golden altar of the Shining One.
  4214 | D:4      | Found the +8 pair of quick blades "Gyre" and "Gimble"
                  | {protect}
  4550 | D:4      | Reached skill level 1 in Short Blades
  4550 | D:4      | Reached skill level 1 in Evocations
  4551 | D:4      | Identified the staff "Opazut" {rC+ Int+3 Summ Ice}
  4605 | D:4      | Found a broken altar of Ashenzari.
  4742 | D:4      | Noticed a steam dragon
  4744 | D:4      | Found a blossoming altar of Fedhas.
  4746 | D:4      | Found a transporter.
  4754 | D:4      | Found a transporter.
  4787 | D:5      | Entered Level 5 of the Dungeon
  4805 | D:5      | Reached XP level 8. HP: 54/54 MP: 8/8
  5088 | D:5      | Noticed Prince Ribbit
  5095 | D:5      | Killed Prince Ribbit
  5096 | D:5      | Reached skill level 5 in Stealth
  5096 | D:5      | Reached skill level 5 in Unarmed Combat
  5096 | D:5      | Found a staircase to the Ecumenical Temple.
  5476 | D:6      | Found Dot Unott's Book Shoppe.
  5480 | D:6      | Reached skill level 5 in Dodging
  5480 | D:6      | Reached XP level 9. HP: 58/60 MP: 9/9
  5523 | D:6      | Reached skill level 5 in Fighting
  5606 | D:6      | Found Jiasuk's General Store.
  5639 | D:6      | Found Diys's Assorted Antiques.
  5653 | D:6      | Bought a scroll of identify for 38 gold pieces
  5653 | D:6      | Bought a viscous red potion for 17 gold pieces
  5827 | D:6      | Found Zivvaap's Weapon Boutique.
  5879 | D:6      | Reached skill level 5 in Short Blades
  6152 | D:6      | Killed from afar by an electric eel

Illustrated notes

Levels and vault maps discovered:
D:1:      heliophobic_arrival_glass_houses, layout_basic,
          shapermc_ecumenical_altar_venn
D:2:      layout_basic
D:3:      layout_loops_ring, uniq_crazy_yiuf_cottage, uniq_grinder, uniq_robin
D:4:      wad_pebble_path, layout_rooms, gammafunk_temple_overflow_arena,
          lemuel_crystal_altar, nicolae_ashenzari_skybound,
          minmay_fire_ice_demons
D:5:      layout_loops_cross, minmay_temple_entry_mist, minivault_24,
          grunt_ministairs_2, minmay_mini_ossuary, uniq_prince_ribbit1
D:6:      layout_loops_ring, serial_shops, shop, shop, kennysheep_little_box,
          shop, nicolae_shop_overgrown_old_shop, serial_park_tiny_pond,
          nrook_uturn, nicolae_lava_and_water, minmay_misc_feat_roman,
          nrook_pool_corridor, eino_tiny_chamber,
          minmay_fractal_squares_diagonal_5

Skill      XL: |  1  2  3  4  5  6  7  8  9 |
---------------+----------------------------+-----
Stealth        | 1 2 3 5 6 |  6.2
Unarmed Combat | 1 2 3 4 5 6 |  6.4
Long Blades    | 3 4 |  4.2
Dodging        | 4 5 |  5.6
Fighting       | 4 5 |  5.5
Short Blades   | 1 3 5 |  5.3
Evocations     | 1 2 3 |  3.8
Shields        | |  3.9

Action                     |  1- 3 |  4- 6 |  7- 9 || total
---------------------------+-------+-------+-------++-------
  Melee: Long sword        |    72 |    84 |    20 ||   176
         Constrict         |    17 |    24 |    41 ||    82
         Tentacles         |    11 |    24 |    49 ||    84
         Punch             |       |     5 |    11 ||    16
         Pair of quick bla |       |       |   180 ||   180
 Invoke: Foxfire Swarm     |       |     1 |       ||     1
    Use: Scroll            |       |       |     6 ||     6
   Stab: Sleeping          |     8 |     8 |    24 ||    40
         Distracted        |       |       |     1 ||     1
 Armour: Skin              |    37 |    45 |    26 ||   108
  Dodge: Dodged            |    42 |    52 |    54 ||   148
  Block: Buckler           |     7 |    15 |     5 ||    27

Table legend: (Time is in decaauts)
 A = Elapsed time spent in this place.
 B = Non-inter-level travel time spent in this place.
 C = Inter-level travel time spent in this place.
 D = Time resting spent in this place.
 E = Time spent auto-exploring this place.
 F = Levels seen in this place.
 G = Mean time per level.
                   A        B        C        D        E       F      G
               +--------+--------+--------+--------+--------+-----+--------+
         Total |   6203 |   6064 |    139 |   1268 |   3734 |   6 | 1033.8 |
       Dungeon |   6203 |   6064 |    139 |   1268 |   3734 |   6 | 1033.8 |
               +--------+--------+--------+--------+--------+-----+--------+

Top non-repeatable levels by time:
     D:2: 1779 daAuts
     D:3: 1276 daAuts
     D:1: 1052 daAuts
     D:4: 733 daAuts
     D:6: 697 daAuts
     D:5: 664 daAuts
